 Dungeon Crawl Stone Soup version 0.20.0-15-g7f486f2 (webtiles) character file.

28 straycat the Sneak (level 2, 0/31 HPs)
             Began as a Vampire Wanderer on June 27, 2017.
             Slain by an adder (2 damage)
             ... on level 2 of the Dungeon.
             The game lasted 00:03:28 (879 turns).

straycat the Sneak (Vampire Wanderer)                Turns: 879, Time: 00:03:29

Health: 0/31       AC: 21    Str: 11    XL:     2   Next: 96%
Magic:  0/5        EV:  2    Int: 13    God:
Gold:   70         SH:  0    Dex: 14    Spells: 4/5 levels left

rFire    . . .     SeeInvis +   e - +0 dagger
rCold    . . .     Gourm    .   (no shield)
rNeg     + + +     Faith    .   (armour currently unavailable)
rPois    +         Spirit   .   (helmet currently unavailable)
rElec    .         Reflect  .   (cloak currently unavailable)
rCorr    .         Harm     .   (gloves currently unavailable)
MR       .....     NoTele   +   (boots currently unavailable)
Stlth    ++........             (no amulet)
Regen    0.1/turn               (no ring)
MPRegen  0.1/turn               (no ring)

@: tree-form
A: see invisible
a: no special abilities


You were on level 2 of the Dungeon.
You were not thirsty.
You were a tree.
You visited 1 branch of the dungeon, and saw 2 of its levels.

You collected 70 gold pieces.

Inventory:

Hand Weapons
 e - a +0 dagger (weapon)
Missiles
 l - 12 arrows
Armour
 g - a +0 shield
 j - a +0 ring mail
 p - a +0 leather armour (melded)
Scrolls
 b - a scroll of teleportation
 h - 2 scrolls of immolation {unknown}
 i - 2 scrolls of amnesia {unknown}
 o - a scroll of identify {unknown}
Potions
 c - 2 potions of lignification
 f - 11 potions of blood
 k - a potion of might {unknown}
 m - a potion of agility {unknown}
 n - a potion of curing {unknown}
Books
 a - a book of Battle

   Spells                             Type                      Level
   a - Infusion                       Charms                       1
   b - Shroud of Golubria             Charms/Translocation         2
   c - Song of Slaying                Charms                       2
   d - Spectral Weapon                Hexes/Charms                 3
   e - Regeneration                   Charms/Necromancy            3


   Skills:
 + Level 1.3 Fighting
 + Level 1.0 Short Blades
   Level 1.0 Staves
 * Level 2.1 Dodging
 + Level 3.7 Stealth
 - Level 2.0 Spellcasting
 - Level 3.2 Charms


You had 4 spell levels left.
You knew the following spells:

 Your Spells              Type           Power        Failure   Level  Hunger
a - Infusion              Chrm           #...         7%          1    ##.....


Dungeon Overview and Level Annotations

Branches:
Dungeon (2/15)

Altars:


Innate Abilities, Weirdness & Mutations

((You have razor-sharp teeth.))
You have supernaturally acute eyesight. (SInv)
((You can survive without breathing.))


Message History

The adder is moderately wounded.
The adder bites you.
* * * LOW HITPOINT WARNING * * *
The quokka bites you.
* * * LOW HITPOINT WARNING * * *
You turn into a tree.
Your +0 leather armour melds into your body.
Your roots penetrate the ground.
The adder bites you but does no damage.
The quokka bites you but does no damage.
You hit the adder.
The adder is heavily wounded.
The adder bites you but does no damage.
The quokka bites you but does no damage.
The adder bites you but does no damage.
You hit the adder.
The adder is almost dead.
You are no longer magically infusing your attacks.
The quokka bites you but does no damage.
The adder bites you.
You die...

. .. ...
)...
#######.....
#..........#
#...♣......#
#..rS.....##
#.........#
#.[......##
#........#
#........#
#........#
#......(.#
#######.##


You could see an adder and a quokka.

Vanquished Creatures
  An ooze (D:1)
  2 dart slugs (D:1)
  A ball python (D:1)
  3 bats (D:1)
  2 goblins (D:1)
  4 hobgoblins
  A frilled lizard (D:1)
  4 kobolds (D:1)
  2 rats (D:1)
20 creatures vanquished.

Notes
Turn   | Place    | Note
-------+----------+-------------------------------------------
     0 | D:1      | straycat the Vampire Wanderer began the quest for the Orb.
     0 | D:1      | straycat set off with: a book of Battle, a scroll of teleportation, a potion of lignification, a +0 robe, a +0 dagger, a potion of blood
     0 | D:1      | Reached XP level 1. HP: 15/15 MP: 3/3
     6 | D:1      | Learned a level 1 spell: Infusion
   322 | D:1      | Reached XP level 2. HP: 14/21 MP: 5/5
   660 | D:1      | Reached skill level 1 in Short Blades
   876 | D:2      | HP: 1/21 [quokka (1)]
   879 | D:2      | Slain by an adder

Skill      XL: |  1  2 |
---------------+-------+-----
Dodging        | 2 |  2.1
Short Blades   | 1 |  1.0
Fighting       | |  1.3
Staves         | |  1.0
Stealth        | |  3.7
Spellcasting   | |  2.0
Charms         | |  3.2

Action                   || total
-------------------------++-------
Melee: Dagger            ||    97
       Bite              ||    11
 Cast: Infusion          ||     2
  Use: Potion            ||     1
 Stab: Sleeping          ||     3
Armor: Robe              ||     8
       Skin              ||     6
       Leather armour    ||     2
Dodge: Dodged            ||    64
